Map: Lost and Found LE

Players

Player - Winner!

  • Race: Terran Terran
  • League: Master
  • Spawn Location: 1:00

Cellsidus

  • Race: Zerg Zerg
  • League: Master
  • Spawn Location: 7:00

VOD

Have the link to the VOD?

Description

Time

  • Played on: June 23, 2018, 4:54 a.m.
  • Length: 24:15
Show
View Real Time Build Order
Export as new Build Order

Player Terran - Winner!

Build Orders: Reaper Expand 

Get SALT Encoding   

  12  0:01  SCV  
  13  0:16  Supply Depot  
  13  0:17  SCV  
  14  0:29  SCV  
  15  0:39  Barracks  
  15  0:42  Refinery  
  15  0:44  SCV  
  16  0:56  SCV  
  17  1:08  SCV  
  18  1:26  Orbital Command  
  18  1:27  Reaper  
  18  1:28  Supply Depot  
  19  1:48  Command Center  
  19  1:54  SCV  
  20  2:04  Barracks Reactor  
  20  2:06  SCV  
  21  2:16  Refinery  
  21  2:18  SCV  
  21  2:22  Factory  
  22  2:30  SCV  
  23  2:43  SCV  
  24  2:48  Marine x2  
  26  2:55  SCV  
  27  3:00  Orbital Command  
  27  3:07  SCV  
  27  3:12  Supply Depot  
  28  3:17  Orbital Command  
  28  3:18  Hellion x2  
  32  3:23  Bunker  
  32  3:29  Barracks Tech Lab  
  32  3:38  Armory  
  32  3:39  Hellion x2  
  35  3:45  SCV x2  
  37  3:57  SCV  
  37  3:58  SCV  
  37  4:00  Hellion  
  37  4:01  Hellion  
  37  4:02  Starport  
  44  4:10  Supply Depot, SCV x2  
  45  4:22  SCV x2, Hellion x2  
  51  4:33  Supply Depot  
  51  4:34  SCV x2  
  51  4:35  Terran Vehicle Weapons Level 1  
  53  4:43  Hellion  
  55  4:46  SCV x2, Hellion x2  
  55  4:51  Hellion  
  59  4:57  Command Center  
  59  5:05  Hellion  
  61  5:12  Hellion  
  61  5:13  SCV x2  
  65  5:18  Supply Depot  
  65  5:19  Supply Depot  
  65  5:20  Engineering Bay  
  59  5:25  SCV  
  59  5:26  Hellion  
  52  5:41  Hellion  
  54  5:44  SCV x2  
  54  5:47  Hellion  
  54  5:48  Missile Turret  
  56  5:50  Missile Turret  
  56  5:56  SCV x2  
  58  5:59  Raven  
  58  6:03  Hellion  
  62  6:09  Orbital Command, Hellion  
  58  6:11  Refinery  
  58  6:13  Refinery  
  58  6:17  Factory  
  58  6:18  Factory  
  58  6:23  Structure Armor  
  58  6:24  Factory, Hellion  
  58  6:25  Missile Turret  
  60  6:26  SCV x2  
  60  6:30  Terran Vehicle And Ship Armor Level 1, Hellion  
  64  6:40  Orbital Command  
  64  6:45  Hellion  
  66  6:48  Command Center  
  66  6:52  Hellion  
  68  7:04  SCV x2  
  68  7:07  Hellion  
  72  7:14  Missile Turret  
  70  7:16  SCV x2  
  70  7:17  Factory Tech Lab x3  
  70  7:18  Missile Turret  
  63  7:45  SCV x2  
  63  7:46  Thor x2  
  74  7:57  SCV x2  
  74  8:09  SCV  
  75  8:19  Orbital Command, Thor  
  79  8:29  Thor x2, SCV x2  
  94  8:41  SCV x2  
  95  8:53  SCV  
  94  8:57  SCV  
  94  9:00  SCV  
  94  9:01  Orbital Command  
  94  9:02  Thor  
  102  9:05  Supply Depot, SCV  
  102  9:06  Terran Vehicle Weapons Level 2  
  102  9:07  Armory  
  102  9:09  SCV  
  104  9:12  Refinery, SCV  
  104  9:13  Refinery  
  104  9:16  Hellion x3  
  111  9:17  SCV  
  111  9:20  Supply Depot  
  111  9:21  SCV  
  111  9:23  Supply Depot  
  113  9:24  SCV  
  113  9:29  SCV  
  115  9:31  Thor  
  115  9:33  SCV  
  115  9:36  SCV  
  123  9:42  Hellion x2  
  124  9:47  Factory  
  117  9:57  Hellion x2  
  121  10:01  SCV x2  
  121  10:02  SCV x2  
  121  10:04  Hellion x2  
  129  10:13  SCV  
  129  10:14  SCV, Hellion  
  131  10:15  Missile Turret  
  131  10:16  Missile Turret x2  
  131  10:18  Missile Turret x2, Hellion  
  135  10:23  Missile Turret  
  135  10:26  Thor  
  141  10:31  Terran Vehicle And Ship Armor Level 2  
  141  10:33  Factory Tech Lab  
  141  10:34  Orbital Command  
  141  10:36  Supply Depot  
  141  10:38  Supply Depot x3  
  141  10:43  Hellion  
  141  10:44  Hellion x2  
  147  10:57  Hellion x2  
  147  10:59  Missile Turret  
  151  11:05  Hellion x3  
  151  11:06  SCV x2  
  151  11:07  SCV  
  151  11:08  SCV  
  161  11:11  Missile Turret  
  161  11:12  Missile Turret x2  
  161  11:13  Missile Turret  
  161  11:19  Thor  
  153  11:40  SCV x4  
  153  11:45  Thor x2  
  169  11:52  SCV x3  
  136  12:02  Hellion  
  136  12:03  Hellion x3  
  132  12:15  SCV x3  
  135  12:16  SCV  
  136  12:24  Hellion x4  
  136  12:28  Hellion x2  
  96  12:45  Thor, Hellion x3  
  96  12:46  Refinery x2  
  96  12:49  Siege Tank, Thor  
  117  12:52  SCV x2  
  119  13:02  Command Center  
  119  13:03  Hellion x2  
  119  13:07  Siege Tank  
  119  13:10  Infernal Pre-Igniter  
  122  13:14  SCV x3  
  125  13:21  Siege Tank  
  128  13:28  Siege Tank  
  128  13:32  Thor, Command Center, Hellion  
  128  13:33  Hellion  
  141  13:39  Siege Tank  
  144  13:52  Supply Depot  
  144  13:53  Siege Tank, Supply Depot  
  144  13:54  Hellion x2  
  141  13:57  Supply Depot  
  141  14:01  Hellion  
  143  14:04  Factory  
  143  14:05  Factory, Terran Vehicle Weapons Level 3  
  143  14:11  Hellion  
  143  14:12  Terran Vehicle And Ship Armor Level 3  
  143  14:15  Hellion x3  
  150  14:22  Hellion  
  125  14:51  Thor x2  
  125  14:52  Thor  
  121  14:53  Hellion x3  
  114  15:01  SCV x4  
  115  15:10  Viking  
  115  15:13  SCV x4  
  123  15:14  Hellion x3  
  127  15:23  Planetary Fortress  
  127  15:25  SCV x4  
  131  15:35  Hellion  
  133  15:37  SCV x4  
  133  15:38  Hellion x3  
  133  15:39  Hellion x2  
  133  15:40  Viking  
  149  15:45  Refinery  
  149  15:48  Refinery  
  149  15:49  SCV  
  150  15:50  Factory Tech Lab x2  
  150  15:56  Hellion  
  145  16:00  Hellion x5  
  124  16:09  Thor x2  
  124  16:10  Viking  
  126  16:17  Hellion  
  128  16:25  Thor, Command Center  
  134  16:33  Planetary Fortress  
  134  16:35  SCV  
  134  16:36  SCV  
  134  16:37  SCV  
  134  16:38  SCV  
  138  16:40  Viking  
  140  16:47  SCV  
  140  16:48  SCV  
  127  17:10  Hellion, Command Center  
  127  17:11  Hellion x2  
  129  17:27  SCV x4  
  133  17:31  Hellion x2  
  133  17:32  Hellion x2  
  133  17:34  Hellion  
  143  17:39  SCV x4  
  143  17:43  Planetary Fortress  
  147  17:51  SCV  
  148  17:52  Thor  
  154  18:01  Thor  
  160  18:08  Thor  
  166  18:18  Thor  
  172  18:27  Thor  
  172  18:29  Hellion  
  172  18:33  Planetary Fortress  
  186  18:41  Hellion x3  
  186  18:44  Hellion  
  188  18:50  Hellion  
  188  18:51  Hellion  
  174  19:01  Thor  
  174  19:02  Thor, Hellion  
  154  19:03  Hellion  
  154  19:07  Hellion  
  130  19:10  Hellion  
  130  19:12  Hellion  
  130  19:14  Hellion  
  130  19:24  Hellion x2  
  132  19:28  Thor  
  132  19:31  Thor  
  138  19:37  Siege Tank  
  147  19:44  Siege Tank  
  147  19:45  Siege Tank  
  145  19:47  Hellion x3  
  140  20:08  Hellion x2  
  140  20:09  Hellion x2  
  140  20:12  Hellion  
  148  20:14  Hellion  
  148  20:16  Hellion  
  148  20:17  Hellion  
  140  20:33  Hellion x3  
  129  20:57  Hellion x2  
  131  21:06  Hellion  
  139  21:25  Hellion x2  
  139  21:26  Hellion x2  
  141  21:39  Hellion x4  
  149  21:49  Hellion x2  
  153  22:05  Hellion x3  
  153  22:06  Hellion x2  
  163  22:11  Hellion  
  163  22:12  Hellion  
  101  22:40  Hellion  
  101  22:41  Hellion x3  
  98  23:19  Hellion x4  
  102  23:20  Hellion  
  98  23:28  Hellion  
  98  23:29  Hellion  
  102  23:36  Hellion  
  104  23:47  Hellion  
Show
View Real Time Build Order
Export as new Build Order

Cellsidus Zerg 

Build Orders: Hatch First, Muta Ling Bane 

Get SALT Encoding   

  12  0:00  Drone  
  13  0:12  Overlord  
  13  0:16  Drone  
  14  0:31  Drone x2  
  17  0:35  Drone  
  17  0:52  Hatchery  
  17  0:55  Drone  
  17  0:59  Drone  
  18  1:09  Extractor  
  17  1:15  Spawning Pool  
  17  1:18  Drone  
  17  1:21  Drone  
  18  1:28  Drone  
  19  1:40  Overlord  
  19  1:50  Drone  
  20  2:02  Zergling x2  
  20  2:04  Queen x2  
  20  2:05  Zergling x2  
  26  2:10  Metabolic Boost  
  26  2:13  Drone  
  27  2:18  Drone  
  27  2:22  Drone  
  29  2:26  Drone  
  30  2:40  Drone x2  
  32  2:51  Overlord  
  32  2:52  Drone  
  32  2:54  Hatchery  
  32  2:58  Drone  
  32  2:59  Drone  
  34  3:06  Drone  
  34  3:11  Drone  
  34  3:12  Drone x2  
  38  3:13  Drone  
  38  3:14  Overlord, Drone x2  
  41  3:21  Drone  
  41  3:23  Drone  
  43  3:28  Drone  
  44  3:42  Drone  
  44  3:43  Drone  
  44  3:45  Extractor, Drone x3  
  44  3:46  Extractor  
  47  3:49  Extractor  
  47  3:51  Overlord x4  
  46  3:55  Lair  
  46  4:07  Queen  
  48  4:11  Drone x3  
  48  4:12  Drone  
  48  4:13  Drone  
  48  4:14  Baneling Nest  
  50  4:22  Queen  
  52  4:26  Zergling x6  
  52  4:27  Zergling x10  
  52  4:29  Zergling x2  
  52  4:30  Zergling x2  
  62  4:33  Drone  
  63  4:39  Zergling x4  
  63  4:43  Drone  
  66  4:58  Baneling  
  66  4:59  Baneling x6, Spire  
  65  5:00  Baneling x2  
  65  5:01  Baneling x3, Drone  
  65  5:05  Drone x2  
  65  5:06  Drone x4  
  71  5:08  Overlord  
  71  5:12  Overlord  
  65  5:27  Extractor  
  60  5:30  Extractor  
  58  5:35  Zergling x2  
  58  5:36  Zergling x12  
  62  5:44  Zergling x6  
  62  5:48  Drone x3  
  69  6:11  Mutalisk x4, Hatchery  
  66  6:17  Mutalisk x3  
  80  6:22  Mutalisk x2  
  84  6:27  Hatchery  
  84  6:28  Mutalisk  
  84  6:32  Mutalisk  
  85  6:38  Overlord x2  
  87  6:40  Drone  
  87  6:43  Mutalisk  
  90  6:48  Drone  
  90  6:50  Overlord x2  
  90  7:03  Mutalisk  
  90  7:04  Mutalisk  
  90  7:07  Drone x4  
  90  7:12  Zergling x2  
  90  7:13  Mutalisk  
  93  7:16  Mutalisk  
  93  7:36  Mutalisk x2  
  93  7:48  Mutalisk x2  
  93  7:56  Mutalisk  
  95  8:02  Drone x3  
  95  8:03  Drone x3  
  95  8:04  Drone x3  
  95  8:05  Drone x2  
  106  8:10  Queen  
  108  8:18  Evolution Chamber  
  108  8:19  Evolution Chamber  
  105  8:20  Drone  
  105  8:21  Drone x9  
  105  8:25  Centrifical Hooks  
  105  8:27  Hydralisk Den, Zerg Flyer Weapons Level 1  
  114  8:30  Mutalisk, Drone x3  
  114  8:31  Mutalisk  
  120  8:34  Overlord  
  120  8:37  Drone x4  
  120  8:56  Mutalisk x4  
  120  9:01  Drone  
  120  9:02  Extractor, Drone x2  
  130  9:03  Extractor  
  130  9:05  Drone x3  
  130  9:06  Zerg Missile Weapons Level 1  
  130  9:07  Grooved Spines  
  132  9:32  Hatchery, Drone  
  132  9:33  Infestation Pit, Hydralisk x3  
  132  9:34  Hydralisk x3  
  132  9:35  Zergling x2  
  132  9:36  Overlord x2  
  132  9:37  Overlord x5  
  144  9:43  Hatchery  
  127  9:53  Hydralisk  
  127  9:54  Hydralisk x7  
  127  9:55  Hydralisk  
  145  10:03  Zerg Ground Armor Level 1  
  147  10:09  Queen  
  147  10:11  Hive  
  147  10:16  Hydralisk x3  
  147  10:17  Zergling x6  
  147  10:18  Zergling x14  
  147  10:19  Muscular Augments, Zergling x4  
  147  10:21  Zergling x2  
  166  10:42  Corruptor  
  166  10:43  Corruptor x5  
  178  11:04  Zerg Missile Weapons Level 2  
  178  11:06  Corruptor x3  
  176  11:38  Greater Spire  
  170  11:46  Hydralisk  
  170  11:47  Hydralisk x6  
  162  11:48  Hydralisk  
  174  11:58  Zergling x6, Hydralisk x7  
  174  11:59  Hydralisk x4, Zergling x14  
  174  12:00  Zergling x14  
  174  12:01  Zergling x14  
  194  12:02  Zergling x8  
  175  12:26  Overlord x4  
  128  12:51  Zerg Melee Weapons Level 1  
  128  12:53  Brood Lord  
  128  12:54  Brood Lord x6  
  128  12:55  Zergling x2  
  128  12:56  Zergling x14  
  128  12:57  Zergling x6  
  128  12:58  Zergling x30  
  168  13:01  Brood Lord  
  168  13:03  Brood Lord  
  170  13:11  Hydralisk  
  170  13:12  Hydralisk x3  
  178  13:13  Zergling x10  
  178  13:14  Zergling x14  
  178  13:15  Zergling x4  
  178  13:16  Extractor  
  178  13:19  Extractor  
  190  13:22  Zerg Ground Armor Level 2  
  190  13:30  Zerg Flyer Armor Level 1  
  190  13:39  Hydralisk x4  
  190  13:41  Hydralisk  
  198  13:54  Drone x3  
  198  13:55  Drone  
  199  13:57  Drone  
  200  14:13  Baneling  
  200  14:14  Baneling x14  
  189  14:33  Zergling x6, Hydralisk x4  
  189  14:34  Zergling x4  
  159  14:48  Hydralisk x3  
  159  14:49  Hydralisk x6, Zergling x12  
  159  14:50  Zergling x8  
  164  14:57  Hydralisk  
  164  14:58  Zergling x2, Hydralisk x5  
  164  14:59  Zergling x4  
  147  15:09  Hydralisk  
  147  15:10  Zergling x2, Hydralisk x4  
  158  15:21  Baneling  
  158  15:22  Baneling x23, Hydralisk x3  
  158  15:23  Hydralisk  
  158  15:24  Zergling x2  
  158  15:25  Zergling x2  
  168  15:28  Hatchery  
  167  15:38  Zerg Missile Weapons Level 3  
  167  15:39  Zerg Ground Armor Level 3  
  167  15:43  Zergling x6, Hydralisk x2  
  173  16:03  Zergling x2, Hydralisk x4  
  173  16:04  Zergling x12, Hydralisk x2  
  161  16:05  Zergling x4  
  161  16:11  Zergling x4, Hydralisk x2  
  140  16:12  Zergling x2  
  141  16:33  Viper x4  
  153  16:40  Hydralisk x3  
  153  16:41  Zergling x2, Hydralisk x3  
  153  16:42  Hydralisk x2, Zergling x8  
  153  16:44  Hydralisk  
  176  16:50  Adrenal Glands  
  159  17:05  Zergling x2, Hydralisk x4  
  159  17:06  Zergling x12, Hydralisk  
  141  17:21  Hydralisk x3  
  141  17:22  Hydralisk x4  
  153  17:24  Hydralisk  
  157  17:48  Zergling x2, Hydralisk x5  
  157  17:50  Zergling x2  
  169  18:01  Hatchery  
  168  18:05  Extractor  
  168  18:06  Extractor  
  166  18:16  Baneling x2  
  166  18:17  Baneling x16, Hydralisk x6  
  166  18:19  Hydralisk  
  180  18:39  Hydralisk x5  
  180  18:40  Hydralisk  
  180  18:41  Zergling x2  
  187  19:00  Zergling x4, Hydralisk x6  
  187  19:01  Hydralisk, Zergling x12  
  182  19:09  Zergling x6, Hydralisk x3  
  173  19:10  Zergling x4  
  172  19:22  Hydralisk x2  
  172  19:23  Zergling x10, Hydralisk x2  
  172  19:24  Zergling x2  
  175  19:30  Viper x3  
  177  19:39  Hydralisk x3  
  177  19:40  Zergling x10  
  177  19:42  Zergling x2  
  183  19:56  Extractor  
  144  20:08  Hydralisk x2  
  144  20:09  Zergling x10, Hydralisk x5  
  144  20:10  Zergling x4  
  144  20:12  Hatchery  
  153  20:27  Hydralisk x2  
  153  20:28  Zergling x10, Hydralisk x3  
  137  20:29  Zergling x6  
  142  20:37  Zergling x4, Hydralisk x2  
  142  20:38  Zergling x4  
  146  20:44  Hydralisk x2  
  146  20:45  Zergling x6  
  124  20:58  Zergling x6, Hydralisk x4  
  124  20:59  Zergling x4  
  124  21:02  Hydralisk  
  124  21:03  Zergling x4  
  115  21:24  Zergling x4, Hydralisk x5  
  115  21:25  Zergling x10, Hydralisk  
  131  21:26  Zergling x2  
  131  21:35  Hydralisk  
  131  21:36  Hydralisk x3  
  133  21:41  Hydralisk x2  
  122  21:55  Baneling  
  122  21:56  Baneling x17  
  122  21:58  Zergling x2  
  122  22:00  Zergling x2  
  63  22:31  Zergling x8, Hydralisk x3  
  63  22:32  Zergling x2  
  63  22:33  Zergling x2  
  52  22:47  Hydralisk  
  52  22:48  Zergling x2  
  50  23:01  Drone x2  
  50  23:02  Drone  
  50  23:04  Zergling x2  
  50  23:05  Zergling x2  
  38  23:32  Drone x2  
  35  23:35  Hydralisk  
  35  23:36  Zergling x4  
Tags
 
Add a new tag
Caveats
  • Supply blocks, unpowered buildings, or Contaminate may cause inaccurate times.
  • Supply counts are checked every 10 seconds.